 Dungeon Crawl Stone Soup version 0.24.0-29-g8ce449bc06 (webtiles) character file.

Game seed: 17964092350891751808, levelgen mode: deterministic

77 night the Firebug (level 4, -3/26 HPs)
             Began as a Gargoyle Fire Elementalist on Nov 14, 2019.
             Slain by Sigmund
             ... wielding a +0 scythe
              (10 damage)
             ... on level 2 of the Dungeon.
             The game lasted 00:06:35 (2105 turns).

night the Firebug (Gargoyle Fire Elementalist)      Turns: 2105, Time: 00:06:36

Health: -3/26      AC:  9    Str: 12    XL:     4   Next: 34%
Magic:  0/7        EV: 12    Int: 16    God:
Gold:   135        SH:  0    Dex: 10    Spells: 2/8 levels left

rFire    . . .     SeeInvis .   e - +1 dagger (speed)
rCold    . . .     Gourm    .   (no shield)
rNeg     + . .     Faith    .   a - +0 robe
rPois    ∞         Spirit   .   q - +1 helmet
rElec    +         Reflect  .   (no cloak)
rCorr    .         Harm     .   b - +0 pair of gloves
MR       .....                  j - +0 pair of boots
Stlth    ++........             (no amulet)
HPRegen  0.08/turn              (no ring)
MPRegen  0.10/turn              (no ring)

@: no status effects
A: negative energy resistance 1, electricity resistance, unbreathing,
petrification resistance, rot immunity, AC +3
a: no special abilities


You were on level 2 of the Dungeon.
You were hungry.

You visited 1 branch of the dungeon, and saw 2 of its levels.

You collected 135 gold pieces.

Inventory:

Hand Weapons
 e - a +1 dagger of speed (weapon)
 n - a +0 hunting sling
 p - a +2 trident of flaming
Missiles
 f - 11 poisoned darts
 i - 22 bolts
 o - 103 stones (quivered)
Armour
 a - a +0 robe (worn)
 b - a +0 pair of gloves (worn)
 j - a +0 pair of boots (worn)
 q - a +1 helmet (worn)
Scrolls
 g - 3 scrolls of remove curse {unknown}
 h - a scroll of fog {unknown}
 l - a scroll of immolation {unknown}
 m - a scroll of random uselessness {unknown}
 s - a scroll of identify {unknown}
 t - a scroll of amnesia {unknown}
Potions
 d - a potion of might {unknown}
 r - a potion of curing {unknown}
Comestibles
 c - 7 rations


   Skills:
 + Level 1.9 Fighting
 - Level 1.5 Dodging
 - Level 2.1 Stealth
 + Level 2.6 Spellcasting
 + Level 2.3 Conjurations
 + Level 3.5 Fire Magic


You had 2 spell levels left.
You knew the following spells:

 Your Spells              Type           Power        Failure   Level  Hunger
a - Flame Tongue          Conj/Fire      ##...        6%          1    #......
b - Throw Flame           Conj/Fire      ##....       9%          2    ##.....
c - Conjure Flame         Conj/Fire      ##......     17%         3    ###....

Your spell library contained the following spells:

 Spells                   Type           Power        Failure   Level  Hunger
 Inner Flame              Hex/Fire       #.......     28%         3    ###....
 Sticky Flame             Conj/Fire      ##......     50%         4    #####..
 Fireball                 Conj/Fire      ##........   85%         5    ######.


Dungeon Overview and Level Annotations

Branches:
Dungeon (2/15)

Altars:

Annotations:
D:2 Sigmund


Innate Abilities, Weirdness & Mutations

You are resistant to torment.
Your stone body is resilient. (AC +3)
You are immune to poison.
You resist negative energy. (rN+)
You are resistant to electric shocks. (rElec)
You can survive without breathing.
You are immune to petrification.
You are immune to rotting.


Message History

You hit something but do no damage. You hit something but do no damage.
Something hits you.
You hit something. You barely miss something. Something hits you.
You hit something but do no damage. You miss something. Something hits you.
* * * LOW HITPOINT WARNING * * *
You closely miss something.
Casting: Flame Tongue (safe; 6% risk of failure)
Confirm with . or Enter, or press ? or * to list all spells.
You can't see any susceptible monsters within range! (Use Z to cast anyway.)
You barely miss something.
Casting: Flame Tongue (safe; 6% risk of failure)
Confirm with . or Enter, or press ? or * to list all spells.
Aiming: Flame Tongue (safe; 6% risk of failure)
Press: ? - help, Shift-Dir - straight line You are feeling hungry.
Something hits you but does no damage. Something hits you!
You die...

................# ......
................## .# ..
#................##.##.#.#
#.........................
###...............#....... .
###.............#......... ..
...........#....##....#### ...
.....................## ....
..........#.#...@#.#.###### .....
..........#..##...{.......#......
..........##.##..#.#..###.†.>#
................##.##..#####.....
................##.###.# ###.
.........#....#.##.###.###
..##...#####.............##
.......# ##...###........#
..#...## ##..# ##########


There were no monsters in sight!

Vanquished Creatures
  Robin (D:2)
  An adder (D:2)
  A worm (D:2)
  A dart slug (D:1)
  2 leopard geckos (D:1)
  4 giant cockroaches
  5 hobgoblins
  4 jackals (D:1)
  A quokka (D:2)
  2 ball pythons (D:1)
  A bat (D:2)
  11 goblins
  5 kobolds
  10 rats
49 creatures vanquished.

Notes
Turn   | Place    | Note
-------+----------+-------------------------------------------
     0 | D:1      | night the Gargoyle Fire Elementalist began the quest for
                  | the Orb.
     0 | D:1      | Reached XP level 1. HP: 10/10 MP: 3/3
   240 | D:1      | Reached XP level 2. HP: 16/16 MP: 1/5
   287 | D:1      | Learned a level 2 spell: Throw Flame
   426 | D:1      | Reached skill level 1 in Fighting
   728 | D:1      | Reached XP level 3. HP: 20/20 MP: 3/6
   860 | D:1      | Learned a level 3 spell: Conjure Flame
  1566 | D:2      | Noticed Robin
  1619 | D:2      | Reached XP level 4. HP: 19/25 MP: 3/7
  1794 | D:2      | Killed Robin
  2020 | D:2      | Noticed Sigmund
  2105 | D:2      | Slain by Sigmund

Levels and vault maps discovered:
D:1:      psy_arrival_radial01, layout_rooms
D:2:      layout_rooms, uniq_robin, uniq_sigmund, uniq_crazy_yiuf_cottage

Skill      XL: |  1  2  3 |
---------------+----------+-----
Fighting       | 1 |  1.9
Conjurations   | 2 |  2.3
Dodging        | |  1.5
Stealth        | |  2.1
Spellcasting   | |  2.6
Fire Magic     | |  3.5

Action                   |  1- 3 |  4- 6 || total
-------------------------+-------+-------++-------
Melee: Dagger            |    50 |    35 ||    85
 Cast: Flame Tongue      |    34 |    13 ||    47
       Throw Flame       |    14 |     3 ||    17
 Stab: Sleeping          |     1 |       ||     1
  Eat: Chunk             |     3 |     2 ||     5
Armor: Robe              |    11 |    17 ||    28
Dodge: Dodged            |    20 |    32 ||    52
